 Dungeon Crawl Stone Soup version 0.31-a0-833-gc15d34cb79 (webtiles) character file.

Game seed: 9735435730165145435

72613 Bravepunisher the Champion of Chaos (level 15, -2/79 HPs)
             Began as a Spriggan Monk on Sept 25, 2023.
             Was the Champion of Makhleb.
             Slain by Donald
             ... wielding a +5 demon trident of venom
              (44 damage)
             ... on level 2 of the Orcish Mines.
             The game lasted 01:39:14 (21226 turns).

Bravepunisher the Champion of Chaos (SpMo)         Turns: 21226, Time: 01:39:15

Health: -2/79      AC: 11    Str: 13    XL:     15   Next: 1%
Magic:  29/29      EV: 44    Int: 12    God:    Makhleb [******]
Gold:   1134       SH: 14    Dex: 33    Spells: 14/14 levels left

rFire   . . .        K - +4 scimitar "Inotzin" {flame, +Blink rCorr Dex+2}
rCold   + . .        P - +1 buckler
rNeg    . . .        M - +2 robe {rC+}
rPois   .            (helmet restricted)
rElec   +            S - +2 cloak
rCorr   +            (gloves unavailable)
SInv    +            (boots unavailable)
Will    +....        N - amulet "Pile Ropp" {Reflect rElec Will- rCorr Dex+6 SH+5}
Stlth   ++           e - +4 ring of protection
HPRegen 0.33/turn    b - +6 ring of strength
MPRegen 0.21/turn

%: reflection
@: very quick
A: very small, no large weapons, unfitting armour, see invisible, speed 3
a: Renounce Religion, Evoke Blink, Minor Destruction, Lesser Servant of Makhleb,
Major Destruction, Greater Servant of Makhleb


You were on level 2 of the Orcish Mines.
You worshipped Makhleb.
Makhleb was exalted by your worship.
You visited 4 branches of the dungeon, and saw 21 of its levels.
You also visited: Ossuary and Bailey.

You collected 1801 gold pieces.
You spent 667 gold pieces at shops.

Inventory:

Hand Weapons
 K - the +4 scimitar "Inotzin" (weapon) {flame, +Blink rCorr Dex+2}
   (You bought it in a shop on level 6 of the Dungeon)

   Dex+2:     It affects your dexterity (+2).
   +Blink:    It lets you blink.
   rCorr:     It protects you from acid and corrosion.
Armour
 s - a scarf of resistance
 M - a +2 robe of cold resistance (worn)
 P - a +1 buckler (worn)
 S - a +2 cloak (worn)
Jewellery
 b - a +6 ring of strength (right hand)
 e - a +4 ring of protection (left hand)
 k - a ring of protection from cold
 N - the amulet "Pile Ropp" (around neck) {Reflect rElec Will- rCorr Dex+6 SH+5}
   (You found it on level 8 of the Dungeon)

   [amulet of reflection]

   Reflect:   It reflects blocked missile attacks.
   Dex+6:     It affects your dexterity (+6).
   rElec:     It insulates you from electricity.
   Will-:     It decreases your willpower.
   rCorr:     It protects you from acid and corrosion.
   SH+5:      It affects your SH (+5).
Wands
 u - a wand of flame (4)
 O - a wand of quicksilver (11)
 R - a wand of digging (16)
Scrolls
 g - 3 scrolls of silence
 h - 2 scrolls of identify
 i - 6 scrolls of teleportation
 j - a scroll of brand weapon
 o - 4 scrolls of blinking
 p - 2 scrolls of enchant armour
 r - 2 scrolls of fog
 t - 3 scrolls of revelation
 x - 2 scrolls of summoning
 D - 3 scrolls of enchant weapon
Potions
 a - 4 potions of might
 c - 6 potions of ambrosia
 d - 7 potions of curing
 f - 5 potions of haste
 m - a potion of heal wounds
 w - 7 potions of mutation
 z - a potion of enlightenment
 A - 3 potions of lignification
 C - 2 potions of brilliance
 E - 4 potions of cancellation
 G - 2 potions of invisibility
 Q - 2 potions of magic
Miscellaneous
 J - a condenser vane (inert)


   Skills:
 + Level 9.6 Fighting
 - Level 3.2(5.5) Short Blades
 + Level 5.2(5.4) Long Blades
 + Level 17.6 Dodging
 - Level 5.4 Shields
 * Level 18.3 Invocations


You had 14 spell levels left.
You didn't know any spells.
Your spell library contained the following spells:

 Spells                   Type           Power      Damage    Failure   Level
 Apportation              Tloc           0%         N/A       41%         1
 Necrotise                Necr           0%         1d4       41%         1
 Sandblast                Erth           0%         2d4       41%         1
 Summon Small Mammal      Summ           0%         N/A       41%         1
 Blink                    Tloc           0%         N/A       54%         2
 Ensorcelled Hibernation  Hex/Ice        0%         N/A       54%         2
 Jinxbite                 Hex            0%         N/A       54%         2
 Lesser Beckoning         Tloc           0%         N/A       54%         2
 Momentum Strike          Conj/Tloc      0%         3d8       54%         2
 Passwall                 Tmut/Erth      0%         N/A       54%         2
 Wereblood                Tmut           0%         N/A       54%         2
 Hailstorm                Conj/Ice       0%         3d3       78%         3
 Ozocubu's Armour         Ice            0%         N/A       78%         3
 Stone Arrow              Conj/Erth      0%         3d7       78%         3
 Summon Guardian Golem    Hex/Summ       0%         N/A       78%         3
 Swiftness                Air            0%         N/A       78%         3
 Anguish                  Hex/Necr       0%         N/A       99%         4
 Brom's Barrelling Bould  Conj/Erth      0%         2d3       99%         4
 Summon Ice Beast         Ice/Summ       0%         N/A       99%         4
 Alistair's Intoxication  Tmut/Pois      0%         N/A       100%        5
 Irradiate                Conj/Tmut      0%         3d11      100%        5
 Lee's Rapid Deconstruct  Erth           0%         3d4*      100%        5
 Eringya's Noxious Bog    Tmut/Pois      0%         4d6       100%        6
 Simulacrum               Ice/Necr       0%         N/A       100%        6
 Ozocubu's Refrigeration  Ice            0%         4d7       100%        7
 Shatter                  Erth           0%         3d5*      100%        9


Dungeon Overview and Level Annotations

Branches:
Dungeon (13/15)            Temple (1/1) D:4            Lair (5/5) D:9
  Swamp (0/4) Lair:3        Snake (0/4) Lair:3        Slime (0/5) Lair:5
    Orc (2/2) D:12        Ossuary (visited)          Bailey (visited)
    Elf: Orc:2       Vaults: D:13-14

Altars:
Ashenzari
Cheibriados
Dithmenos
Elyvilon
Fedhas
Gozag
Hepliaklqana
Kikubaaqudgha
Makhleb
Nemelex Xobeh
Okawaru
Qazlal
Ru
Sif Muna
Trog
Uskayaw
Vehumet
Wu Jian
Xom
Yredelemnul
Zin
The Shining One
Jiyva

Shops:
D:4 =   D:6 *(!!   D:8 [   Orc:2 *

Annotations:
D:4 3 runed translucent doors, bakla's ghost, amateur VSBr
D:12 exclusion: orange crystal statue
Orc:2 Donald


Innate Abilities, Weirdness & Mutations

You are very small and have problems with some larger weapons.
You are too small for most types of armour.
You have supernaturally acute eyesight. (SInv)
You cover ground extremely quickly. (Speed+++)


Message History

An orc comes into view. It is wielding a +0 short sword.
Your orange demon is smitten.
Donald says, "I've got a headache.
I hate that."
Your orange demon completely misses Donald.
Aiming: Minor Destruction (0% risk of failure)
Press: ? - help, Shift-Dir - straight line, f/p - Donald
Aim: Donald, wielding a +5 demon trident of venom, wearing a +3 plate armour of fire resistance and wearing a +0 kite shield (heavily wounded, strong, ally target) Donald easily resists.
You block Donald's attack.
Your orange demon stings Donald but does no damage.
Donald casts a spell.
Donald seems to speed up.
Your orange demon stings Donald from afar.
Aiming: Minor Destruction (0% risk of failure)
Press: ? - help, Shift-Dir - straight line, f/p - Donald
Aim: Donald, wielding a +5 demon trident of venom, wearing a +3 plate armour of fire resistance and wearing a +0 kite shield (heavily wounded, fast, strong, not watching you, ally target)
The glob of acid hits Donald!
The acid corrodes Donald!
Donald is severely wounded.
Your orange demon stings Donald from afar.
Donald misses you. 2 orc priests come into view.
Donald blocks your attack.
Donald is almost dead.
Donald hits you with a +5 demon trident of venom!
Donald blocks your orange demon's attack.
Donald says, "Orcs complain a lot, don't they?
I hate it."
Donald hits your orange demon from afar with a +5 demon trident of venom!!
Your orange demon looks as sick as possible!
Your orange demon stings Donald from afar!
Donald blocks your attack.
Donald is almost dead.
Donald hits you with a +5 demon trident of venom!
Donald completely misses you.
The orc priest looks braver for a moment.
Your orange demon completely misses Donald.
Unknown command.
Donald is no longer covered in acid.
Donald hits you from afar with a +5 demon trident of venom!!!
Ouch! That really hurt!
You die...
Donald says, "I won.
I... don't hate that."

.∩.....#..........##
......#......$.....
..$...#...........#
.................<##
.#.................#
..................##
...o4...#.......[..#
..o..$o...........##
#.....@.@.........##
#........<.........#
#.................##
#..................#
#..................#
####...............#
##..............#
##.............#
##............#


You could see Donald (fast, strong, ally target), 2 orc priests, an orc and a
friendly orange demon (summoned, extremely poisoned).

Vanquished Creatures
  Frances (D:12)
  Nessos (Orc:1)
  5 hydras
  2 centaur warriors (D:13)
  5 catoblepae
  7 two-headed ogres
  5 death yaks (Lair:5)
  2 bog bodies (Lair:3)
  A wizard (D:13)
  An ugly thing (D:11)
  An orc knight (Orc:1)
  3 orc sorcerers
  3 cyclopes
  A salamander (shapeshifter) (D:13)
  16 elephants
  A manticore (Lair:5)
  Maurice (D:12)
  7 black mambas
  Joseph (D:10)
  9 cane toads
  2 molten gargoyles (Lair:3)
  2 gargoyles
  2 rime drakes (Lair:5)
  An unseen horror (D:13)
  19 komodo dragons
  Jeremiah (D:9)
  4 trolls
  Prince Ribbit (D:7)
  4 polar bears
  Grinder (D:5)
  5 dream sheep (Lair:5)
  14 blink frogs
  4 spriggans (Bailey)
  Sigmund (D:6)
  5 slime creatures
  3 shadows
  5 wyverns
  2 basilisks
  A wraith (D:10)
  75 yaks
  2 steam dragons
  3 vampire mosquitoes (D:11)
  A warg (Orc:1)
  A naga (Lair:3)
  20 water moccasins
  Duvessa (D:6)
  An acid dragon (D:11)
  4 orc warriors
  4 ice beasts
  3 black bears
  2 sky beasts
  8 ogres
  16 wolves
  5 centaurs
  2 phantoms
  A kobold brigand (D:7)
  A water moccasin zombie (Ossuary)
  16 bullfrogs
  2 gnoll sergeants
  2 scorpions
  A wight (D:8)
  Dowan (D:6)
  10 killer bees
  A howler monkey (D:7)
  8 bullfrog zombies (Ossuary)
  3 centaur zombies (Ossuary)
  5 lava snakes (Lair:3)
  3 hounds
  A gnoll bouda (D:7)
  13 orc priests
  16 jellies
  Terence (D:2)
  4 iguanas
  12 orc wizards
  4 hell rats (Lair:5)
  A killer bee zombie (Ossuary)
  15 mummies
  A howler monkey zombie (Ossuary)
  Robin (D:3)
  14 gnolls
  8 adders
  2 white imps
  A dart slug (D:5)
  46 orcs
  12 ball pythons
  7 bats
  5 endoplasms
  5 giant cockroaches
  16 goblins
  13 hobgoblins
  4 jackals
  4 quokkas
  5 frilled lizards
  15 kobolds
  6 rats
584 creatures vanquished.

Vanquished Creatures (collateral kills)
  A skyshark (Lair:4)
  A wizard (D:13)
  3 slime creatures (D:12)
  2 nagas (Lair:3)
  An orc warrior (D:8)
  A kobold brigand (D:6)
  A hound (D:6)
  2 orc wizards
  2 kobolds (D:6)
14 creatures vanquished.

Vanquished Creatures (others)
  A wizard (D:13)
  A manticore (Lair:5)
  An orc (D:12)
3 creatures vanquished.

Grand Total: 601 creatures vanquished

Notes
Turn   | Place    | Note
-------+----------+-------------------------------------------
     0 | D:1      | Bravepunisher the Spriggan Monk began the quest for the
                  | Orb.
     0 | D:1      | Reached XP level 1. HP: 11/11 MP: 2/2
   238 | D:1      | Reached XP level 2. HP: 16/16 MP: 3/3
   396 | D:1      | Found a faded altar of an unknown god.
   472 | D:3      | Reached XP level 3. HP: 19/20 MP: 4/4
   597 | D:5      | Entered Level 5 of the Dungeon
   622 | D:4      | Found a runed translucent gate.
   628 | D:4      | Noticed bakla's ghost (amateur VSBr)
   636 | D:4      | Found a runed translucent gate.
   636 | D:4      | Found a runed translucent gate.
   657 | D:4      | Noticed a phantom
   672 | D:4      | Noticed a scorpion
   676 | D:4      | Found a staircase to the Ecumenical Temple.
   685 | Temple   | Entered the Ecumenical Temple
   693 | Temple   | Became a worshipper of Makhleb the Destroyer
   693 | Temple   | Reached * piety under Makhleb
   693 | Temple   | Reached ** piety under Makhleb
   751 | D:3      | Noticed Robin
   771 | D:3      | Found an ornate altar of the Wu Jian Council.
   784 | D:3      | Found a shimmering altar of Xom.
   785 | D:3      | Found a basalt altar of Yredelemnul.
  1571 | D:2      | Reached XP level 4. HP: 23/24 MP: 5/5
  1589 | D:2      | Reached skill level 1 in Invocations
  1616 | D:2      | Reached skill level 5 in Dodging
  1743 | D:2      | Noticed Terence
  1763 | D:2      | Killed Terence
  2125 | D:3      | Reached skill level 2 in Invocations
  2217 | D:3      | Found a sparkling altar of Nemelex Xobeh.
  2230 | D:3      | Killed Robin
  2231 | D:3      | Reached XP level 5. HP: 17/28 MP: 7/7
  2980 | D:4      | Reached skill level 3 in Invocations
  2988 | D:4      | Reached *** piety under Makhleb
  3207 | D:4      | Reached XP level 6. HP: 29/32 MP: 9/9
  3233 | D:4      | Found an iron altar of Okawaru.
  3366 | D:4      | Found Pusejick's Jewellery Shoppe.
  3391 | D:4      | Reached skill level 4 in Invocations
  3817 | D:4      | Found a stormy altar of Qazlal.
  3930 | D:4      | Found a shadowy altar of Dithmenos.
  4112 | D:5      | Noticed a shadow
  4120 | D:5      | Killed a shadow
  4121 | D:5      | Reached skill level 5 in Invocations
  4121 | D:5      | Reached XP level 7. HP: 35/36 MP: 10/12
  4167 | D:5      | Reached **** piety under Makhleb
  4401 | D:5      | Noticed Grinder
  4423 | D:5      | Killed Grinder
  4424 | D:5      | Reached skill level 6 in Invocations
  4994 | D:6      | Reached XP level 8. HP: 27/40 MP: 12/14
  5050 | D:6      | Found Jod Zici's Weapon Shop.
  5168 | D:6      | Reached skill level 7 in Invocations
  5168 | D:6      | Found Zenatedi's Distillery.
  5175 | D:6      | Bought a potion of curing for 33 gold pieces
  5175 | D:6      | Bought a potion of heal wounds for 55 gold pieces
  5437 | D:6      | Found Beob's Distillery.
  5521 | D:6      | Found a shimmering blue altar of Sif Muna.
  5604 | D:6      | Reached skill level 8 in Invocations
  5780 | D:6      | Noticed Sigmund
  5786 | D:6      | Killed Sigmund
  5881 | D:6      | Noticed Dowan
  5895 | D:6      | Noticed Duvessa
  5905 | D:6      | Killed Duvessa
  5906 | D:6      | Reached skill level 9 in Invocations
  5917 | D:6      | Killed Dowan
  5918 | D:6      | Reached XP level 9. HP: 40/44 MP: 16/16
  6025 | D:6      | Found Reane's Assorted Antiques.
  6366 | D:7      | Found a snail-covered altar of Cheibriados.
  6376 | D:7      | Found a sand-covered staircase.
  6387 | Ossuary  | Entered an ossuary
  6400 | Ossuary  | Reached skill level 10 in Dodging
  6483 | Ossuary  | Reached ***** piety under Makhleb
  6710 | Ossuary  | Reached skill level 10 in Invocations
  7053 | D:7      | Noticed Prince Ribbit
  7071 | D:7      | Killed Prince Ribbit
  7355 | D:7      | Reached skill level 11 in Invocations
  7604 | D:7      | Reached XP level 10. HP: 46/49 MP: 19/19
  7955 | D:8      | Found Puekk's Antique Armour Boutique.
  7963 | D:8      | Bought a glowing cloak for 195 gold pieces
  7979 | D:8      | Bought a runed robe for 96 gold pieces
  8246 | D:8      | Reached ****** piety under Makhleb
  8349 | D:8      | Reached skill level 12 in Invocations
  8431 | D:8      | Identified the amulet "Pile Ropp" {Reflect rElec Will-
                  | rCorr Dex+6 SH+5}
  8519 | D:8      | Found a white marble altar of Elyvilon.
  8607 | D:8      | Noticed a two-headed ogre
  8632 | D:8      | Killed a two-headed ogre
  8704 | D:8      | Found a glowing silver altar of Zin.
  8710 | D:8      | Found an ancient bone altar of Kikubaaqudgha.
  8715 | D:8      | Found a broken altar of Ashenzari.
  8912 | D:9      | Found a staircase to the Lair.
  9037 | D:9      | Noticed Jeremiah
  9049 | D:9      | Killed Jeremiah
  9730 | D:10     | Entered Level 10 of the Dungeon
  9730 | D:10     | Noticed a two-headed ogre
  9730 | D:10     | Noticed a two-headed ogre
  9752 | D:10     | Found a hazy altar of Hepliaklqana.
  9797 | D:10     | Killed a two-headed ogre
  9798 | D:10     | Reached skill level 13 in Invocations
  9798 | D:10     | Reached XP level 11. HP: 53/54 MP: 21/21
  9817 | D:10     | Killed a two-headed ogre
  9818 | D:10     | Reached skill level 5 in Fighting
  9888 | D:10     | Noticed Joseph
  9899 | D:10     | Killed Joseph
 10068 | D:10     | Noticed a two-headed ogre
 10086 | D:10     | Killed a two-headed ogre
 10163 | D:10     | Found a flagged portal.
 10458 | Bailey   | Entered a bailey
 10583 | Bailey   | Noticed a two-headed ogre
 10595 | Bailey   | Killed a two-headed ogre
 10596 | Bailey   | Reached skill level 14 in Invocations
 10624 | Bailey   | Identified the +3 fire dragon scales "Ruch" {rElec rF++ rC-
                  | Str+3}
 11371 | D:11     | Noticed a two-headed ogre
 11417 | D:11     | Killed a two-headed ogre
 11656 | D:12     | Noticed Maurice
 11702 | D:12     | Found a blossoming altar of Fedhas.
 11719 | D:12     | Reached XP level 12. HP: 48/62 MP: 22/24
 11934 | D:12     | Noticed Frances
 12016 | Lair:1   | Entered Level 1 of the Lair of Beasts
 12069 | Lair:1   | Reached skill level 1 in Shields
 12179 | Lair:1   | Reached skill level 15 in Invocations
 12718 | Lair:1   | Reached skill level 15 in Dodging
 13687 | Lair:2   | Got a black book
 13900 | Lair:2   | Reached XP level 13. HP: 44/67 MP: 25/25
 13904 | Lair:2   | Reached skill level 16 in Invocations
 15241 | D:6      | Bought a smoking scimitar for 288 gold pieces
 15241 | D:6      | Identified the +4 scimitar "Inotzin" {flame, +Blink rCorr
                  | Dex+2} (You bought it in a shop on level 6 of the Dungeon)
 15403 | Lair:3   | Found a staircase to the Swamp.
 15666 | Lair:3   | Found a staircase to the Snake Pit.
 16052 | Lair:3   | Reached skill level 1 in Long Blades
 17217 | Lair:5   | Entered Level 5 of the Lair of Beasts
 17389 | Lair:5   | Reached skill level 17 in Invocations
 17570 | Lair:5   | Reached XP level 14. HP: 56/74 MP: 27/27
 17729 | Lair:5   | Reached skill level 5 in Shields
 18082 | Lair:5   | Found a staircase to the Slime Pits.
 18082 | Lair:5   | Found a viscous altar of Jiyva.
 19054 | Lair:5   | Got an exquisite book
 19731 | D:12     | Killed Frances
 19736 | D:12     | Killed Maurice
 19737 | D:12     | Reached skill level 18 in Invocations
 19888 | D:12     | Found a staircase to the Orcish Mines.
 20481 | D:13     | Reached skill level 5 in Long Blades
 20599 | D:13     | Noticed a white very ugly thing
 20710 | Orc:1    | Entered Level 1 of the Orcish Mines
 20892 | Orc:2    | Entered Level 2 of the Orcish Mines
 20892 | Orc:2    | Noticed Nessos
 20900 | Orc:1    | Killed Nessos
 20996 | Orc:1    | Reached XP level 15. HP: 79/79 MP: 29/29
 21211 | Orc:2    | Found Ceuren's General Store.
 21211 | Orc:2    | Noticed Donald
 21226 | Orc:2    | Slain by Donald

Illustrated notes

Levels and vault maps discovered:
D:1:      lordsloth_arrival_two_stooges, layout_basic,
          ebering_ecumenical_altar_box
D:2:      layout_rooms, uniq_terence
D:3:      layout_basic, lemuel_crystal_altar, grunt_temple_overflow_open,
          chequers_serial_rivers_micro_b, grunt_ministairs_4,
          minmay_fractal_squares_diagonal_5, uniq_robin
D:4:      layout_layer_cave, kennysheep_mini, nicolae_overflow_hidden_temple,
          lemuel_coloured_pillars_altar, minmay_temple_entry_sparse_star,
          gammafunk_ghost_split, serial_shops, nicolae_shop_gaudy_bauble,
          nicolae_underground_beach
D:5:      layout_basic, kennysheep_generic_room_3, uniq_grinder
D:6:      layout_gridville, lemuel_round_altar, serial_shops, shop,
          nicolae_shop_dealshenge, shop, nicolae_shop_advertising_works
          [nicolae_subvault_shop_adworks], st_stairs_4, nicolae_letterblocks
          [nicolae_letter_subblock, nicolae_letter_subblock,
          nicolae_letter_subblock, nicolae_letter_subblock,
          nicolae_letter_subblock, nicolae_letter_subblock,
          nicolae_letter_subblock, nicolae_letter_subblock,
          nicolae_letter_subblock, nicolae_letter_subblock,
          nicolae_letter_subblock, nicolae_letter_subblock,
          nicolae_letter_subblock, nicolae_letter_subblock,
          nicolae_letter_subblock, nicolae_letter_subblock,
          nicolae_letter_subblock, nicolae_letter_subblock,
          nicolae_letter_subblock, nicolae_letter_subblock,
          nicolae_letter_subblock, nicolae_letter_subblock,
          nicolae_letter_subblock, nicolae_letter_subblock,
          nicolae_letter_subblock], uniq_duvessa, uniq_sigmund
D:7:      kb_forest_paths, layout_basic, cheibriados_altar_1,
          gup_ossuary_entry_pyramid, uniq_prince_ribbit1
D:8:      layout_rooms, minmay_overflow_temple_star_quad,
          nicolae_elyvilon_temple_path, serial_shops, nicolae_shop_hallway_plus,
          minmay_fractal_squares_gapless_5
D:9:      layout_irregular_city, dpeg_oklobed_lair, uniq_jeremiah
D:10:     layout_rooms, mainiacjoe_overflow_alcove_1, enter_bailey_3,
          uniq_joseph
D:11:     layout_loops_corners
D:12:     layout_cave_pools, david_orc_2, minivault_16,
          fedhas_bush_and_centaur_altar, uniq_frances, uniq_maurice
D:13:     minmay_heptahexagon, layout_long_grid,
          hellmonk_vaults_attempted_burglary, serial_glass, glass_columns_b,
          glass_columns_b, uniq_snorg
Temple:   hellmonk_temple_forest_ring
Lair:1:   layout_roguey, beast_lair_carwin_7
Lair:2:   layout_long_grid, st_stairs_6
Lair:3:   cheibrodos_magma_flow, layout_cellular_growth,
          skrybe_swamp_entry_bodies, minmay_snake_entry_guardpost_medium,
          minmay_holes
Lair:4:   layout_cave_shapes
Lair:5:   evilmike_catoblepas_cave, layout_loops_ring,
          minmay_slime_entry_jelly_boxes, minmay_stone_trees_small,
          serial_bayou_shore_b
Orc:1:    layout_caves
Orc:2:    kennysheep_orc_mage_school, layout_caves, serial_shops, shop,
          uniq_nessos, uniq_donald, uniq_erolcha

Skill      XL: |  1  2  3  4  5  6  7  8  9 10 11 12 13 14 |
---------------+-------------------------------------------+-----
Fighting       | 3 4 6 7 8 9 |  9.6
Invocations    | 2 3 5 6 9 11 13 14 15 17 18 | 18.3
Dodging        | 5 6 7 8 9 11 13 14 15 16 17 | 17.6
Shields        | 3 4 5 |  5.4
Long Blades    | 3 5 |  5.2
Short Blades   | |  3.2

Action                     |  1- 3 |  4- 6 |  7- 9 | 10-12 | 13-15 || total
---------------------------+-------+-------+-------+-------+-------++-------
  Melee: Short sword       |   143 |     1 |       |       |       ||   144
         Punch             |     2 |       |     3 |     2 |       ||     7
         Dagger            |       |    99 |   119 |   111 |       ||   329
         Trident           |       |       |       |   421 |    51 ||   472
         Scimitar          |       |       |       |       |   706 ||   706
 Invoke: Minor Destruction |    26 |   138 |   318 |   491 |   350 ||  1323
         Lesser Servant of |       |       |     1 |     2 |     6 ||     9
         Greater Servant o |       |       |       |       |     1 ||     1
  Evoke: Wand              |       |       |    11 |    13 |    13 ||    37
         Condenser vane    |       |       |       |     2 |     1 ||     3
    Use: Potion            |       |       |     4 |     3 |     3 ||    10
         Scroll            |       |       |       |       |    28 ||    28
   Stab: Sleeping          |     1 |       |       |     1 |       ||     2
         Distracted        |       |       |       |     1 |     4 ||     5
 Armour: Robe              |    42 |    26 |    57 |   115 |   160 ||   400
  Dodge: Dodged            |   177 |   106 |   182 |   810 |   830 ||  2105
  Block: Other             |       |       |       |   126 |    12 ||   138
         Reflection        |       |       |       |     2 |     9 ||    11
         Buckler           |       |       |       |       |   471 ||   471

Table legend: (Time is in decaauts)
 A = Elapsed time spent in this place.
 B = Non-inter-level travel time spent in this place.
 C = Inter-level travel time spent in this place.
 D = Time resting spent in this place.
 E = Time spent auto-exploring this place.
 F = Levels seen in this place.
 G = Mean time per level.
                   A        B        C        D        E       F      G
               +--------+--------+--------+--------+--------+-----+--------+
         Total |  16050 |  15205 |    845 |    887 |   9143 |  23 |  697.8 |
       Dungeon |   9183 |   8600 |    583 |    289 |   5712 |  13 |  706.4 |
        Temple |     13 |     13 |      0 |      0 |      0 |   1 |   13.0 |
          Lair |   5747 |   5507 |    240 |    488 |   2877 |   5 | 1149.4 |
  Orcish Mines |    385 |    364 |     21 |      0 |    228 |   2 |  192.5 |
       Ossuary |    542 |    542 |      0 |    110 |    203 |   1 |  542.0 |
        Bailey |    178 |    178 |      0 |      0 |    122 |   1 |  178.0 |
               +--------+--------+--------+--------+--------+-----+--------+

Top non-repeatable levels by time:
  Lair:5: 1726 daAuts
  Lair:3: 1361 daAuts
  Lair:1: 1099 daAuts
     D:6: 1089 daAuts
  Lair:2: 922 daAuts
     D:9: 815 daAuts
     D:4: 777 daAuts
     D:7: 752 daAuts
     D:8: 751 daAuts
     D:3: 749 daAuts
     D:1: 739 daAuts
    D:11: 739 daAuts
     D:5: 664 daAuts
  Lair:4: 637 daAuts
    D:13: 596 daAuts
